AoeStats
← DeathBlack

Nomad

505375889Analyzed
4v4 RM · 23d ago on Sep 9, 2026· 33m 27s· 8 players
Game mode
Random Map
Map size
231×231
Population
200
Speed
Normal
Resources
Standard
Victory
Conquest
Starting age
Dark Age
Ending age
Imperial Age
RankedLock teamsTeams togetherTeam positionsShared explorationLock speedFull tech treeHidden civsTurbo modeCheats
Victory
Defeat
🇳🇿 Lithuanians · New Zealand
1106
+15
🇺🇸 Koreans · United States
1066
+17
🇨🇦 Mongols · Canada
1066
+17
🇨🇱 Huns · Chile
1062
+17
🇺🇸 Magyars · United States
1126
-18
🇸🇪 Aztecs · Sweden
1107
-17
🇦🇺 Japanese · Australia
1093
-17
🇨🇴 Vietnamese · Colombia
1027
-14
Lumi.S
5:20 Loom
13:08 Feudal Age
13:54 Double-Bit Axe
17:55 Horse Collar
20:55 Castle Age
22:15 Medium Warships
22:30 Medium Warships
AoeAuthority.com
4:52 Loom
14:13 Feudal Age
17:52 Double-Bit Axe
22:20 Castle Age
24:18 Bow Saw
26:38 Gold Mining
26:52 Fletching
31:35 Crossbowman
32:22 Thumb Ring
pegador
5:01 Loom
17:09 Feudal Age
18:29 Wheelbarrow
18:45 Fishing Lines
20:36 Town Watch
23:15 Castle Age
22:05 Forging
22:00 Scale Barding Armor
24:12 Hand Cart
27:13 Imperial Age
24:40 Fletching
24:50 Padded Archer Armor
25:00 Double-Bit Axe
25:52 Bloodlines
26:10 Bow Saw
25:52 Stone Mining
25:54 Gold Mining
27:04 Bodkin Arrow
27:24 Leather Archer Armor
28:27 Ballistics
29:08 Chemistry
27:37 Heavy Cavalry Archer
28:33 Bracer
30:57 Thumb Ring
32:54 Parthian Tactics
33:47 Forging
33:42 Scale Barding Armor
33:48 Forging
33:43 Scale Barding Armor
33:42 Husbandry
33:02 Light Cavalry
33:05 Crossbowman
33:05 Elite Skirmisher
woodicus
6:10 Loom
15:36 Feudal Age
16:18 Town Watch
17:57 Fletching
17:57 Double-Bit Axe
19:55 Horse Collar
23:30 Castle Age
21:27 Stone Mining
23:03 Scale Barding Armor
23:44 Bloodlines
23:45 Forging
24:32 Town Patrol
25:30 Medium Warships
25:17 Bodkin Arrow
25:59 Husbandry
28:01 Bow Saw
27:44 Gold Mining
32:35 Chain Barding Armor
33:51 Iron Casting
DeathBlack
3:10 Loom
14:03 Feudal Age
15:19 Town Watch
19:35 Castle Age
17:56 Fletching
18:57 Padded Archer Armor
18:45 Double-Bit Axe
21:17 Wheelbarrow
20:53 Bow Saw
25:42 Bodkin Arrow
29:53 Leather Archer Armor
S1lv3r81
10:59 Loom
13:42 Feudal Age
24:55 Castle Age
24:30 Double-Bit Axe
24:28 Horse Collar
26:44 Town Watch
Cursecrab
4:46 Loom
14:32 Feudal Age
17:12 Man-at-Arms
19:57 Double-Bit Axe
21:49 Horse Collar
25:34 Castle Age
23:57 Fletching
24:06 Fishing Lines
27:22 Squires
26:48 Pikeman
27:31 Scale Mail Armor
30:20 Bodkin Arrow
30:42 Chain Mail Armor
30:37 Forging
30:35 Arson
31:32 Forging
32:56 Wheelbarrow
32:32 Bow Saw
Jimi
5:53 Loom
13:46 Feudal Age
18:28 Castle Age
16:34 Double-Bit Axe
18:07 Stone Mining
20:02 Fishing Lines
21:54 Pikeman
24:57 Fletching
25:35 Horse Collar
27:52 Bodkin Arrow
Connection lost

Rejoining the realm…

Still unreachable

The connection could not be restored.

Session expired

The server has moved on; the page needs a fresh start.